 Dungeon Sprint DCSS version 0.24-a0-249-g2af7e83 (webtiles) character file.

Game seed: 16359091544120275954

84 Krakonus1 the Covert (level 4, -10/22 HPs)
             Began as a Spriggan Assassin on Apr 13, 2019.
             Was an Initiate of Dithmenos.
             Mangled by a troll (17 damage)
             ... in the Dungeon (Sprint IX: "|||||||||||||||||||||||||||||").
             The game lasted 00:02:16 (560 turns).

Krakonus1 the Covert (Spriggan Assassin)             Turns: 560, Time: 00:02:17

Health: -10/22     AC:  5    Str:  7    XL:     4   Next: 24%
Magic:  5/5        EV: 17    Int: 15    God:    Dithmenos [......]
Gold:   0          SH:  0    Dex: 18    Spells: 3/3 levels left

rFire    . . .     SeeInvis +   s - +2 rapier (elec)
rCold    . . .     Gourm    .   (shield restricted)
rNeg     . . .     Faith    .   c - +0 robe
rPois    .         Spirit   .   (helmet restricted)
rElec    .         Reflect  .   d - +0 cloak
rCorr    .         Harm     .   (gloves unavailable)
MR       .....     NoTele   +   (boots unavailable)
Stlth    +++++.....             (no amulet)
HPRegen  0.07/turn              u - +2 ring of protection
MPRegen  0.09/turn              v - +3 ring of intelligence

@: very slightly contaminated, invisible, very quick
A: very small, unfitting armour, see invisible, herbivore, speed 3, slow
metabolism 2
a: Renounce Religion


You were in the Dungeon.
You worshipped Dithmenos.
Dithmenos was noncommittal.
You were not hungry.

You visited 1 branch

Inventory:

Hand Weapons
 a - a +2 dagger
 b - a +0 blowgun
 q - a +1 broad axe of chopping
 r - a +4 quarterstaff of speed
 s - a +2 rapier of electrocution (weapon)
 t - the +2 scimitar of Ambiguity {slice, rF- Dex+3 SInv}
   (You found it in the Dungeon)

   It inflicts extra damage upon your enemies.
   It affects your dexterity (+3).
   It makes you vulnerable to fire.
   It lets you see invisible.
Missiles
 e - 8 poisoned needles
 f - 2 curare-tipped needles
Armour
 c - a +0 robe (worn)
 d - a +0 cloak (worn)
Magical Staves
 p - an uncursed staff of energy
Jewellery
 u - a +2 ring of protection (left hand)
 v - a +3 ring of intelligence (right hand)
Wands
 o - a wand of iceblast (10)
Scrolls
 l - 3 scrolls of remove curse
 m - 2 scrolls of blinking
 n - 2 scrolls of amnesia
Potions
 h - 5 potions of curing
 j - a potion of heal wounds
 k - 4 potions of magic
Comestibles
 g - a ration


   Skills:
 - Level 1.5 Fighting
 * Level 6.8 Short Blades
 - Level 2.0 Throwing
 - Level 1.5 Dodging
 * Level 10.8 Stealth


You had 3 spell levels left.
You didn't know any spells.
Your spell library was empty.

Dungeon Overview and Level Annotations

Branches:
Dungeon (1/1)

Altars:
Cheibriados
Dithmenos
Elyvilon
Fedhas
Gozag
Hepliaklqana
Kikubaaqudgha
Makhleb
Nemelex Xobeh
Okawaru
Qazlal
Ru
Sif Muna
Trog
Uskayaw
Vehumet
Wu Jian
Xom
Yredelemnul
Zin
The Shining One
Beogh
Jiyva
Lugonu


Innate Abilities, Weirdness & Mutations

You are very small and have problems with some larger weapons.
You are too small for most types of armour.
You have supernaturally acute eyesight. (SInv)
You are a herbivore.
You cover ground extremely quickly.
You need to consume almost no food.


Message History

Okay, then.
You fade into invisibility!
You are very lightly contaminated with residual magic.
You feel much better.
You open the door. You hit the troll.
The troll is lightly wounded.
The troll completely misses you. The troll claws you.
The troll closely misses you.
You catch the helpless troll completely off-guard!
You impale the troll!!
The troll is severely wounded.
The troll bites you!
Ouch! That really hurt!
The troll misses you. x2
You barely miss the troll.
The troll is severely wounded.
The troll bites you!
Ouch! That really hurt!
You die... ▓▓▓▓▓▓▓▓▓▓▓▓▓▓▓▓▓▓▓▓▓ ▓<..@T..)..'...T.'___ ▓▓▓▓▓▓▓▓▓▓▓▓▓▓▓▓▓▓▓▓▓

You could see a troll.

Vanquished Creatures
  2 hounds (D)
  2 adders (D)
  A leopard gecko (D)
  A bat skeleton (D)
  A hobgoblin (D)
  A ball python skeleton (D)
  A bat (D)
  A frilled lizard (D)
  A rat (D)
11 creatures vanquished.

Notes
Turn   | Place    | Note
-------+----------+-------------------------------------------
     0 | D        | Krakonus1 the Spriggan Assassin began the quest for the
                  | Orb.
     0 | D        | Reached XP level 1. HP: 10/10 MP: 2/2
    12 | D        | Reached skill level 6 in Stealth
    28 | D        | Reached skill level 7 in Stealth
    34 | D        | Noticed a hound
    34 | D        | Noticed a hound
    39 | D        | Reached XP level 2. HP: 10/14 MP: 3/3
    42 | D        | Reached skill level 8 in Stealth
    56 | D        | Reached skill level 5 in Short Blades
    56 | D        | Reached skill level 9 in Stealth
    56 | D        | Reached XP level 3. HP: 16/18 MP: 4/4
    59 | D        | Reached skill level 10 in Stealth
    59 | D        | Reached XP level 4. HP: 10/22 MP: 5/5
    80 | D        | Found a roughly hewn altar of Beogh.
    80 | D        | Found a snail-covered altar of Cheibriados.
    80 | D        | Found a shadowy altar of Dithmenos.
    80 | D        | Found a white marble altar of Elyvilon.
    80 | D        | Found a blossoming altar of Fedhas.
    80 | D        | Found an opulent altar of Gozag.
    81 | D        | Found a hazy altar of Hepliaklqana.
    82 | D        | Found a viscous altar of Jiyva.
    83 | D        | Found an ancient bone altar of Kikubaaqudgha.
    84 | D        | Found a corrupted altar of Lugonu.
    85 | D        | Became a worshipper of Dithmenos the Shadowed
    86 | D        | Found a burning altar of Makhleb.
    87 | D        | Found a sparkling altar of Nemelex Xobeh.
    88 | D        | Found an iron altar of Okawaru.
    89 | D        | Found a stormy altar of Qazlal.
    90 | D        | Found a sacrificial altar of Ru.
    91 | D        | Found a deep blue altar of Sif Muna.
    92 | D        | Found a bloodstained altar of Trog.
    93 | D        | Found a hide-covered altar of Uskayaw.
    94 | D        | Found a radiant altar of Vehumet.
    95 | D        | Found an ornate altar of the Wu Jian Council.
    96 | D        | Found a shimmering altar of Xom.
    97 | D        | Found a basalt altar of Yredelemnul.
    98 | D        | Found a glowing silver altar of Zin.
    99 | D        | Found a glowing golden altar of the Shining One.
   117 | D        | Got the +2 scimitar of Ambiguity {slice, rF- Dex+3 SInv}
   131 | D        | Noticed a troll
   131 | D        | Noticed an orc warrior
   131 | D        | Noticed a centaur
   560 | D        | Mangled by a troll

Levels and vault maps discovered:
D:        linesprint [early_d, line_temple, items_1, d_10, items_2, lair_1,
          lair_end, items_3, orc_1, orc_end, items_4, d_15, swamp_1, shoals_1,
          snake_1, spider_1, d_20, vaults_1, items_5, swamp_end, shoals_end,
          snake_end, spider_end, vaults_end, d_27, items_6, zot_1, zot_end,
          crypt_end, forest_end, elf_end, slime_end, tomb_end, abyss_end,
          pan_hell_end]

Skill      XL: |  1  2  3 |
---------------+----------+-----
Stealth        | 7 9 10 | 10.8
Short Blades   | 4 5 6 |  6.8
Fighting       | |  1.5
Throwing       | |  2.0
Dodging        | |  1.5

Action                   |  1- 3 |  4- 6 || total
-------------------------+-------+-------++-------
Melee: Dagger            |    45 |     1 ||    46
       Rapier            |       |    10 ||    10
  Use: Potion            |     3 |     2 ||     5
 Stab: Distracted        |       |     1 ||     1
       Invisible         |       |     1 ||     1
Armor: Robe              |     4 |     1 ||     5
Dodge: Dodged            |    32 |    10 ||    42

Table legend:
 A = Non-vault XP
 B = Vault XP
 C = Vault XP percentage of total XP
 D = Non-vault monster count
 E = Vault monster count
 F = Vault count percentage of total count
                 A         B        C        D         E       F
            +---------+---------+-------+---------+---------+-------
      Total |       0 |     121 | 100.0 |       0 |      11 | 100.0
            +---------+---------+-------+---------+---------+-------
          D |       0 |     121 | 100.0 |       0 |      11 | 100.0
            +---------+---------+-------+---------+---------+-------
